 Dungeon Crawl Stone Soup version 0.25.1-1-g288607f (webtiles) character file.

Game seed: 818978027429572750

798 Brohito the Magician (level 7, -2/36 HPs)
             Began as a Deep Elf Fire Elementalist on June 21, 2020.
             Was an Initiate of Sif Muna.
             Slain by a bullfrog (5 damage)
             ... on level 6 of the Dungeon on July 22, 2020.
             The game lasted 00:36:39 (6604 turns).

Brohito the Magician (Deep Elf Fire Elementalist)   Turns: 6604, Time: 00:36:40

Health: -2/36      AC:  3    Str:  5    XL:     7   Next: 58%
Magic:  19/19      EV: 13    Int: 22    God:    Sif Muna [......]
Gold:   276        SH:  0    Dex: 15    Spells: 16/20 levels left

rFire    . . .     SeeInvis .   B - +4 dagger
rCold    . . .     Gourm    .   (no shield)
rNeg     . . .     Faith    .   a - +1 robe
rPois    .         Spirit   .   (no helmet)
rElec    .         Reflect  .   (no cloak)
rCorr    .         Harm     .   (no gloves)
MR       .....                  (no boots)
Stlth    ++........             (no amulet)
HPRegen  0.12/turn              (no ring)
MPRegen  0.16/turn              (no ring)

@: starving
A: no striking features
a: Renounce Religion


You were on level 6 of the Dungeon.
You worshipped Sif Muna.
Sif Muna was noncommittal.
You were starving.

You visited 1 branch of the dungeon, and saw 6 of its levels.

You collected 276 gold pieces.

Inventory:

Hand Weapons
 d - a +0 dagger
 k - a +0 falchion
 s - a +2 mace of protection
 w - a +0 trident
 y - a +0 scimitar
 B - a +4 dagger (weapon)
Missiles
 i - 285 stones
 p - 15 poisoned darts (quivered)
 u - 3 boomerangs
Armour
 a - a +1 robe (worn)
Scrolls
 b - 3 scrolls of enchant armour
 f - 2 scrolls of identify {unknown}
 g - 2 scrolls of magic mapping {unknown}
 j - a scroll of remove curse {unknown}
 n - a scroll of amnesia {unknown}
 o - 2 scrolls of fear {unknown}
 q - 2 scrolls of blinking {unknown}
 r - 2 scrolls of teleportation {unknown}
 v - a scroll of random uselessness {unknown}
 x - a scroll of noise {unknown}
Potions
 e - a potion of lignification
 h - a potion of magic {unknown}
 l - a potion of brilliance {unknown}
 m - 3 potions of flight
 t - a potion of curing {unknown}
 z - 2 potions of stabbing {unknown}
 C - a potion of haste {unknown}
Comestibles
 c - 6 rations


   Skills:
 + Level 2.4 Dodging
 - Level 2.4 Stealth
 + Level 7.2 Spellcasting
 * Level 5.7 Conjurations
 + Level 5.8 Fire Magic


You had 16 spell levels left.
You knew the following spells:

 Your Spells              Type           Power        Failure   Level  Hunger
a - Foxfire               Conj/Fire      ####         1%          1    None
b - Conjure Flame         Conj/Fire      ####....     2%          3    None

Your spell library contained the following spells:

 Spells                   Type           Power        Failure   Level  Hunger
 Inner Flame              Hex/Fire       ###.....     7%          3    None
 Sticky Flame             Conj/Fire      ####....     8%          4    ###....
 Fireball                 Conj/Fire      ####......   21%         5    #####..


Dungeon Overview and Level Annotations

Branches:
Dungeon (6/15)
 Temple: D:4-7

Altars:
Cheibriados
Kikubaaqudgha
Makhleb
Qazlal
Sif Muna
Wu Jian
Yredelemnul

Annotations:
D:5 2 transporters, Edmund; Icepheonix32's ghost, novice TeAE


Message History

The bullfrog hits you.
You hit the bullfrog.
The bullfrog is severely wounded.
The bullfrog completely misses you. The bullfrog hits you.
* * * LOW HITPOINT WARNING * * *
You barely miss the bullfrog.
The bullfrog is severely wounded.
The bullfrog misses you.
You closely miss the bullfrog.
The bullfrog is severely wounded.
The bullfrog hits you.
* * * LOW HITPOINT WARNING * * *
The bullfrog closely misses you.
You hit the bullfrog but do no damage.
The bullfrog is severely wounded.
The bullfrog barely misses you.
You hit the bullfrog.
The bullfrog is severely wounded.
The bullfrog hits you.
You die...

# ### # ##
#.##.##.#
...#.F@....#
#......#.##.#
#.#.......#
###....<#
#.##.##
#.#... #.#..#
#.#..# #..#


You could see a bullfrog.

Vanquished Creatures
  Sigmund (D:3)
  An ice beast (D:5)
  A centaur (D:5)
  2 scorpions
  A hound (D:5)
  2 orc priests
  An iguana (D:4)
  2 orc wizards
  2 worker ants (D:4)
  7 adders
  An ooze (D:3)
  An adder skeleton (D:4)
  5 worms
  A dart slug (D:2)
  3 leopard geckos (D:1)
  18 orcs
  3 giant cockroaches (D:1)
  3 goblins
  4 hobgoblins
  7 kobolds
  A quokka (D:3)
  3 ball pythons
  7 bats
  2 frilled lizards (D:1)
  4 rats
83 creatures vanquished.

Vanquished Creatures (collateral kills)
  A frilled lizard (D:1)
  A goblin (D:2)
2 creatures vanquished.

Vanquished Creatures (others)
  360 foxfires
360 creatures vanquished.

Grand Total: 445 creatures vanquished

Notes
Turn   | Place    | Note
-------+----------+-------------------------------------------
     0 | D:1      | Brohito the Deep Elf Fire Elementalist began the quest for
                  | the Orb.
     0 | D:1      | Reached XP level 1. HP: 10/10 MP: 6/6
   229 | D:1      | Reached XP level 2. HP: 13/15 MP: 2/8
  1178 | D:2      | Reached XP level 3. HP: 19/19 MP: 6/10
  1446 | D:2      | Reached skill level 4 in Spellcasting
  1754 | D:2      | Found a burning altar of Makhleb.
  1754 | D:2      | Noticed a green death
  1810 | D:2      | Noticed a ynoxinul
  1810 | D:2      | Noticed a hellwing
  2212 | D:3      | Upgraded the game from 0.25.0-9-g26727b6 to
                  | 0.25.1-1-g288607f
  2242 | D:3      | Reached XP level 4. HP: 24/24 MP: 4/12
  2573 | D:3      | Found a stormy altar of Qazlal.
  2992 | D:3      | Reached skill level 5 in Spellcasting
  3195 | D:3      | Noticed Sigmund
  3239 | D:4      | Reached XP level 5. HP: 28/28 MP: 9/14
  3350 | D:4      | Found a shimmering blue altar of Sif Muna.
  3350 | D:4      | Found a snail-covered altar of Cheibriados.
  3351 | D:4      | Found a basalt altar of Yredelemnul.
  3363 | D:4      | Became a worshipper of Sif Muna the Loreminder
  3500 | D:4      | HP: 1/28 [poisoned by a worker ant]
  3963 | D:4      | Found an ancient bone altar of Kikubaaqudgha.
  4277 | D:4      | Reached XP level 6. HP: 32/32 MP: 10/16
  4534 | D:4      | Reached skill level 6 in Spellcasting
  4624 | D:4      | Found an ornate altar of the Wu Jian Council.
  4750 | D:3      | Killed Sigmund
  4750 | D:3      | Reached skill level 5 in Fire Magic
  4922 | D:5      | Entered Level 5 of the Dungeon
  5156 | D:5      | Learned a level 3 spell: Conjure Flame
  5180 | D:5      | Noticed an ice beast
  5193 | D:5      | Killed an ice beast
  5193 | D:5      | Reached skill level 5 in Conjurations
  5193 | D:5      | Reached XP level 7. HP: 36/36 MP: 13/19
  5321 | D:5      | Found a transporter.
  5322 | D:5      | Noticed Icepheonix32's ghost (novice TeAE)
  5357 | D:5      | Found a transporter.
  5393 | D:5      | Reached skill level 7 in Spellcasting
  5867 | D:5      | Noticed Edmund
  6604 | D:6      | Slain by a bullfrog

Illustrated notes

Levels and vault maps discovered:
D:1:      minmay_arrival_three_doors, layout_basic,
          wander_ebering_terrifying_dragon_lair
D:2:      layout_basic, makhleb_altar_promises_db
D:3:      layout_rooms, lemuel_doored_altar, first_ration, uniq_sigmund
D:4:      layout_loops_ring, lemuel_coloured_pillars_altar, marbit_many_paths,
          gammafunk_temple_overflow_claw
D:5:      layout_basic, grunt_temple_overflow_bloody_war,
          gammafunk_ghost_stat_death, uniq_edmund, uniq_eustachio
D:6:      layout_basic, grunt_temple_overflow_gold_and_silver,
          grunt_dithmenos_smoke, serial_shops, shop

Skill      XL: |  1  2  3  4  5  6  7 |
---------------+----------------------+-----
Fire Magic     | 4 5 |  5.8
Spellcasting   | 4 5 6 7 |  7.2
Conjurations   | 2 3 5 |  5.7
Dodging        | |  2.4
Stealth        | |  2.4

Action                   |  1- 3 |  4- 6 |  7- 9 || total
-------------------------+-------+-------+-------++-------
Melee: Dagger            |     1 |       |    19 ||    20
 Cast: Foxfire           |    93 |   135 |    45 ||   273
       Conjure Flame     |       |       |     2 ||     2
  Use: Potion            |       |     2 |       ||     2
       Scroll            |       |     1 |       ||     1
 Stab: Sleeping          |       |       |     1 ||     1
  Eat: Chunk             |     4 |     4 |       ||     8
       Ration            |       |     1 |     1 ||     2
Armor: Robe              |       |     2 |     1 ||     3
Dodge: Dodged            |     9 |    13 |    19 ||    41
